[Event "*** SCC Grand Prix: Titled Tuesday Blitz"]
[Site "Chess.com"]
[Date "2020.08.11"]
[Round "5"]
[White "KatarinaOstojic"]
[Black "lucachess49"]
[Result "1/2-1/2"]
[WhiteElo "2241"]
[BlackElo "2433"]
[TimeControl "180+1"]
[EndTime "10:56:12 PDT"]
[Termination "Game drawn by repetition"]

1. e4 e5 2. Nf3 Nc6 3. Bb5 a6 4. Ba4 Nf6 5. d3 d6 6. a3 Be6 7. d4 b5 8. d5 Bxd5 9. exd5 Na5 10. Bb3 Nxb3 11. cxb3 Be7 12. O-O O-O 13. Nc3 Nd7 14.
Ne4 h6 15. Re1 f5 16. Nc3 g5 17. b4 Qe8 18. Qc2 Qg6 19. g4 Qe8 20. gxf5 Qh5 21.
Qe4 Nf6 22. Qe2 Ng4 23. Ne4 Qh3 24. Ng3 h5 25. Qf1 Qxf1+ 26. Rxf1 h4 27. Ne4 Rxf5 28.
Nfxg5 a5 29. bxa5 Rxa5 30. Bd2 Ra4 31. h3 Nf6 32. Nxf6+ Bxf6 33. Ne6 e4 34. Nxc7 Bxb2 35. Rab1 Bd4 36. Nxb5 Bc5 37. Be3 Rxd5 38. Nc3 Bxe3 39. Nxd5 Bc5 40. Nb4 Rxa3 41. Nc2 Ra2 42. Ne3 Kf7 43.
Rb7+ Ke6 44. Rd1 d5 45. Rh7 d4 46. Rh6+ Kf7 47. Ng4 e3 48. fxe3 dxe3 49. Ne5+ Kg7 50. Rg6+ Kh7 51. Rd7+ Kh8 52. Rh6+ Kg8 53. Rg6+ Kh8 54.
Nf7+ Kh7 55. Ne5+ Kh8 1/2-1/2

[Event "*** SCC Grand Prix: Titled Tuesday Blitz"]
[Site "Chess.com"]
[Date "2020.08.11"]
[Round "5"]
[White "Khazieva_Elza"]
[Black "Ranindu2003"]
[Result "1-0"]
[WhiteElo "2346"]
[BlackElo "2601"]
[TimeControl "180+1"]
[EndTime "10:56:13 PDT"]
[Termination "Khazieva_Elza won by resignation"]

1. e4 c5 2. Nf3 Nc6 3. d3 g6 4. g3 Bg7 5. Bg2 d6 6. O-O Nf6 7. Re1 O-O 8. e5 dxe5 9. Nxe5 Nxe5 10. Rxe5 Ng4 11. Re1 Bd4 12. Rf1 Qd6 13. Nd2 Rd8 14.
Nc4 Qf6 15. Qe2 Ne5 16. Nxe5 Bxe5 17. Rb1 Rb8 18. Re1 Bd6 19. b3 Qg7 20. Bb2 f6 21.
Rbd1 e5 22. c3 b6 23. d4 Bf5 24. Bd5+ Kh8 25. Be4 Bh3 26. dxe5 Bxe5 27. f4 Bc7 28. Bg2 Bxg2 29. Qxg2 h5 30. c4 Rf8 31. Qc6 Rbc8 32.
Rd7 Rf7 33. Rxf7 Qxf7 34. Bxf6+ Kg8 35. Bc3 Rd8 36. Qe4 Bd6 37. Qf3 Bf8 38. Qc6 Bg7 39.
Bxg7 Kxg7 40. Re2 Rd1+ 41. Kf2 Rd8 42. Qe6 Qf8 43. Qe5+ Kh6 44. Qe7 Qg8 45. Qg5+ Kh7 46. Re7+ Kh8 47. Qf6+ 1-0

[Event "*** SCC Grand Prix: Titled Tuesday Blitz"]
[Site "Chess.com"]
[Date "2020.08.11"]
[Round "5"]
[White "grunbergmihai"]
[Black "Ermito2020"]
[Result "1-0"]
[WhiteElo "2455"]
[BlackElo "2633"]
[TimeControl "180+1"]
[EndTime "10:56:13 PDT"]
[Termination "grunbergmihai won on time"]

1. Nf3 d5 2. c4 d4 3. g3 Nc6 4. Bg2 e5 5. d3 Nf6 6. O-O Bd6 7. e3 O-O 8. exd4 Nxd4 9. a3 a5 10. Nxd4 exd4 11. Bg5 h6 12. Bxf6 Qxf6 13. Nd2 c6 14.
Ne4 Qg6 15. Nxd6 Qxd6 16. Qh5 Qf6 17. Rfe1 Bf5 18. Be4 Be6 19. Re2 a4 20. Rae1 Rab8 21. Bg2 b5 22. cxb5 Rxb5 23. Qf3 Qxf3 24. Bxf3 c5 25.
Bc6 Ra5 26. Rc1 Rc8 27. Bg2 c4 28. dxc4 Rac5 29. Rd2 Rxc4 30. Rcd1 Bf5 31. Bf1 Rc2 32. Rxc2 Rxc2 33. Rxd4 Rxb2 34. Rxa4 g5 35. Kg2 Kg7 36. Rb4 Ra2 37. a4 Be6 38. Bc4 Bxc4 39. Rxc4 Ra3 40.
h4 Kg6 41. Kf1 f6 42. Ke2 h5 43. hxg5 fxg5 44. Rc6+ Kf5 45. Rc5+ Kg4 46. Rc4+ Kf5 47.
Kd2 g4 48. Ke2 Kg5 49. Rc5+ Kg6 50. a5 Kh6 51. Kd2 Kg6 52. Rb5 Kh6 53. Rb6+ Kg5 54.
a6 Kf5 55. Rb5+ Kg6 56. Rb6+ Kg5 57. Ke1 h4 58. gxh4+ Kxh4 59. Ke2 Kg5 60. Kd2 Kf4 61. Rf6+ 1-0

[Event "*** SCC Grand Prix: Titled Tuesday Blitz"]
[Site "Chess.com"]
[Date "2020.08.11"]
[Round "5"]
[White "evgenyermolaev"]
[Black "gusmaster2262"]
[Result "1-0"]
[WhiteElo "2483"]
[BlackElo "2225"]
[TimeControl "180+1"]
[EndTime "10:56:13 PDT"]
[Termination "evgenyermolaev won on time"]

1. d4 Nf6 2. Nc3 d5 3. e4 dxe4 4. Bg5 Nbd7 5. Qe2 g6 6. O-O-O Bg7 7. f3 exf3 8. Nxf3 O-O 9. h4 h6 10. Bf4 c6 11. Ne5 Nd5 12. Nxd5 cxd5 13. Qe3 Nxe5 14.
dxe5 Bg4 15. Rd4 h5 16. Be2 Bf5 17. g4 hxg4 18. h5 Rc8 19. c3 Qa5 20. a3 Rc6 21. h6 Rfc8 22. c4 Qa4 23. Qc3 Bf8 24. h7+ Kh8 25.
e6 f6 26. Bh6 Bxh6+ 27. Rxh6 b5 28. Kd2 b4 29. axb4 Rb6 30. c5 Rbb8 31. Rh1 a5 32. Rc1 axb4 33. Qe3 Qc6 34. Bd3 b3 35. Bxf5 gxf5 36.
Qf4 Rc7 37. Qxf5 Qb5 38. Qxg4 Qa5+ 39. Rc3 Rxc5 40. Rd3 Rxc3 41. Rxc3 d4 42. Qxd4 Rd8 43. Ke3 Rxd4 44. Rc8+ 1-0

[Event "*** SCC Grand Prix: Titled Tuesday Blitz"]
[Site "Chess.com"]
[Date "2020.08.11"]
[Round "5"]
[White "StephenDedalus83"]
[Black "realmadridtv"]
[Result "0-1"]
[WhiteElo "2771"]
[BlackElo "2468"]
[TimeControl "180+1"]
[EndTime "10:56:14 PDT"]
[Termination "realmadridtv won by resignation"]

1. e4 e5 2. Nf3 Nc6 3. Bb5 a6 4. Ba4 Nf6 5. O-O Nxe4 6. d4 b5 7. Bb3 Be7 8. Re1 d5 9. dxe5 Be6 10. Nbd2 O-O 11. c3 Nc5 12. Bc2 d4 13. Nb3 dxc3 14.
bxc3 Qxd1 15. Rxd1 Rad8 16. Be3 Na4 17. Bd2 Bg4 18.
Re1 Bxf3 19. gxf3 Ba3 20. Re3 Nb6 21. Bc1 Bxc1 22. Rxc1 Nc4 23. Re2 N6xe5 24. Kg2 g5 25. Nc5 a5 26. Rce1 f6 27. Ne6 Rd6 28. Nxf8 Kxf8 29.
Bxh7 c5 30. Bc2 b4 31. cxb4 axb4 32. Rc1 Na3 33. Be4 c4 34. Rb2 Rb6 35. Kf1 Ke7 36. Ke2 Rb5 37. Rd2 c3 38. Rd5 Rb6 39. Rc5 Ke6 40. Bd5+ Kd6 41. Ra5 Nec4 42. Bxc4 Nxc4 43. Ra8 Nd2 44. f4 gxf4 45. Kd3 Kc5 46. h4 Rd6+ 47. Kc2 Kd4 48. h5 f5 49. Rh1 Ne4 50.
h6 Nxf2 51. Rh4 Kc4 52. Rc8+ Kb5 53. a4+ Kxa4 54. Ra8+ Kb5 55. Rxf4 Rd2+ 56. Kb1 Nd3 57. Rxf5+ Kc4 58. Rc8+ Kb3 59. Rf1 c2+ 60. Ka1 Rd1+ 0-1

[Event "*** SCC Grand Prix: Titled Tuesday Blitz"]
[Site "Chess.com"]
[Date "2020.08.11"]
[Round "5"]
[White "attack2mateU"]
[Black "TST2014"]
[Result "1-0"]
[WhiteElo "2721"]
[BlackElo "2525"]
[TimeControl "180+1"]
[EndTime "10:56:15 PDT"]
[Termination "attack2mateU won by checkmate"]

1. e4 c5 2. Nf3 Nc6 3. d4 cxd4 4. Nxd4 Nf6 5. Nc3 d6 6. Bg5 e6 7. Qd2 a6 8. O-O-O Bd7 9. f3 b5 10. Nxc6 Bxc6 11. Ne2 Be7 12. Bxf6 Bxf6 13. Qxd6 Qb6 14. Qf4 h6 15. Kb1 O-O 16. Nc1 a5 17. e5 Bg5 18.
Qd4 Qb7 19. Bd3 Rfd8 20. Qg4 a4 21. a3 Be7 22. Na2 Kf8 23. h4 Qb6 24. Nb4 Rd4 25. Qg3 Bxb4 26. axb4 Rxb4 27. Qe1 Qc5 28. c3 Rb3 29. Bc2 Bd5 30. Rd4 Qa7 31. Kc1 a3 32. Bxb3 axb2+ 33. Kd2 Bxb3 34. Qb1 Qa3 35. Rb4 Rd8+ 36. Ke3 Qa7+ 37. Kf4 Qf2 38. Rxb3 Qxg2 39.
Rxb2 g5+ 40. Ke3 Qg3 41. hxg5 Qxe5+ 42. Kf2 Qc5+ 43. Kg2 Ke7 44. Rxb5 Qe3 45. Qb4+ Ke8 46. Qe4 Qd2+ 47. Kh3 Qxg5 48. Re1 Kf8 49. Rxg5 hxg5 50. Qe5 f6 51. Qxf6+ Ke8 52. Rxe6+ Kd7 53. Re7+ Kc8 54. Qc6+ Kb8 55. Qb7# 1-0

[Event "*** SCC Grand Prix: Titled Tuesday Blitz"]
[Site "Chess.com"]
[Date "2020.08.11"]
[Round "5"]
[White "kobemagic"]
[Black "Sesleria"]
[Result "1-0"]
[WhiteElo "2275"]
[BlackElo "1957"]
[TimeControl "180+1"]
[EndTime "10:56:16 PDT"]
[Termination "kobemagic won on time"]

1. c4 e5 2. g3 Nf6 3. Bg2 Nc6 4.
Nc3 Bb4 5. Nd5 a5 6. e3 O-O 7. Ne2 Re8 8. O-O Bf8 9. b3 d6 10. Bb2 Bf5 11. f4 Bd3 12. fxe5 Nxe5 13. Rxf6 gxf6 14.
Nef4 c6 15. Bxe5 fxe5 16. Nxd3 cxd5 17. Bxd5 e4 18. Nf4 Bg7 19. Rb1 Qd7 20. Qh5 Re5 21.
Qe2 a4 22. b4 Rc8 23. Rf1 b6 24. Nh5 Rf8 25. Nf6+ Bxf6 26. Rxf6 Kg7 27. Rf1 f5 28. b5 Qe7 29. Qh5 Qf6 30. Rf4 Qg6 31. Qh3 h5 32. Rh4 Rh8 33. Qf1 Kf6 34. Rxe4 Rxe4 35. Bxe4 h4 36. Kg2 hxg3 37. hxg3 Rh5 38. Bf3 Rg5 39.
Qf2 Kg7 40. Bd5 Qf6 41. e4 fxe4 42. Qxf6+ Kxf6 43. Bxe4 Ke5 44. d3 Kd4 45. Kf3 Kc3 46. Kf4 Rg8 47. g4 a3 48. g5 Kd4 49. Kf5 Rf8+ 50. Ke6 Rf2 51. g6 Rxa2 52. g7 1-0

[Event "*** SCC Grand Prix: Titled Tuesday Blitz"]
[Site "Chess.com"]
[Date "2020.08.11"]
[Round "5"]
[White "Aleksey_Sorokin"]
[Black "LyonBeast"]
[Result "0-1"]
[WhiteElo "2799"]
[BlackElo "3020"]
[TimeControl "180+1"]
[EndTime "10:56:17 PDT"]
[Termination "LyonBeast won by resignation"]

1. d4 Nf6 2. c4 e6 3. Nf3 d5 4. g3 Be7 5. Bg2 O-O 6. Qc2 dxc4 7. Qxc4 a6 8. Bf4 Nd5 9. Nc3 b5 10. Qd3 Bb7 11. Nxd5 Bxd5 12. O-O Nd7 13. b3 c5 14. e4 Bb7 15. d5 exd5 16. exd5 Bf6 17. Rac1 Re8 18. Rfd1 h6 19. h4 Qb6 20. Qf5 Rad8 21. h5 Nf8 22. d6 Be4 23. Qxc5 Qxc5 24. Rxc5 Ne6 25. Rcc1 Bb2 26. d7 Re7 27. Rc8 Rxd7 28.
Rxd8+ Rxd8 29. Rxd8+ Nxd8 30. Nd2 Bxg2 31. Kxg2 Kf8 32.
Kf3 Ke7 33. Ne4 Ne6 34. Be3 Ba3 35. g4 Kd7 36. Ng3 Kc6 37. Ke4 Bf8 38. Nf5 Nc7 39. Nd4+ Kd7 40. Bf4 Ne8 41. Be5 Bd6 42. Nf5 Bf8 43.
f3 g6 44. Ng3 Be7 45. Kd5 Bf6 46. Ne4 Be7 47. hxg6 fxg6 48. f4 h5 49. gxh5 gxh5 50. f5 h4 51. f6 Bf8 52. f7 Ng7 53. Bf6 h3 54. Nc5+ Bxc5 55. Bxg7 Ba3 56. Be5 Ke7 57. Ke4 Kxf7 58. Kf5 Ke7 59. Kg4 Bd6 60. Bxd6+ Kxd6 61. Kxh3 Kc5 62. a4 Kb4 63. axb5 axb5 0-1

[Event "*** SCC Grand Prix: Titled Tuesday Blitz"]
[Site "Chess.com"]
[Date "2020.08.11"]
[Round "5"]
[White "binbin239"]
[Black "lider34"]
[Result "1-0"]
[WhiteElo "2550"]
[BlackElo "2387"]
[TimeControl "180+1"]
[EndTime "10:56:17 PDT"]
[Termination "binbin239 won on time"]

1. d4 Nf6 2. c4 g6 3. Nf3 Bg7 4.
g3 O-O 5. Bg2 d6 6. O-O Nbd7 7.
Nc3 e5 8. e4 c6 9. h3 Re8 10.
Qc2 a5 11. Be3 exd4 12. Nxd4 Nc5 13. Rad1 Qe7 14. Rfe1 Bd7 15. f4 Nfxe4 16. Bf2 f5 17. Nb3 Qf7 18. Nxc5 Nxc5 19. Rxd6 Rxe1+ 20. Bxe1 Qe7 21. Qd1 Be6 22. Bf2 Nd7 23. c5 Nf6 24. Qe2 Re8 25.
a3 Bf7 26. Qd2 h5 27. Bd4 h4 28. gxh4 Nh5 29. Bf2 Bh6 30. Rd7 Qe6 31. Qd6 Nxf4 32. Qxe6 Rxe6 33. Rxb7 Ne2+ 34. Nxe2 Rxe2 35. Bxc6 Bc4 36.
Bf3 Rc2 37. c6 Rc1+ 38. Kg2 Bf1+ 39. Kg3 f4+ 40. Kg4 Bd3 41. Bd5+ Kf8 42. Rf7+ Ke8 43. c7 Bf5+ 44. Kf3 Bf8 45. Rf6 Be7 46. Rc6 Rxc6 47. Bxc6+ Kf7 48. Bb7 Bxh3 49. c8=Q Bxc8 50. Bxc8 Bf6 51.
b4 Bb2 52. bxa5 Bxa3 53. a6 1-0

[Event "*** SCC Grand Prix: Titled Tuesday Blitz"]
[Site "Chess.com"]
[Date "2020.08.11"]
[Round "5"]
[White "arminmusovic"]
[Black "hongnhung1234"]
[Result "1-0"]
[WhiteElo "2490"]
[BlackElo "2260"]
[TimeControl "180+1"]
[EndTime "10:56:17 PDT"]
[Termination "arminmusovic won by checkmate"]

1. a3 e5 2. Nc3 d5 3. d4 e4 4. Bf4 Nf6 5. Be5 c6 6. e3 Nbd7 7. Bg3 Be7 8. Nge2 O-O 9. Nf4 Re8 10. Be2 Nf8 11. O-O Ng6 12. Nh5 Be6 13. h3 Qd7 14. Nf4 Nxf4 15. Bxf4 Rad8 16. f3 Bf5 17. Bh2 exf3 18. Bxf3 Bg6 19. Qd2 Bd6 20. Bxd6 Qxd6 21. Rae1 Re7 22. Qf2 Rde8 23. Re2 b6 24. Rfe1 c5 25.
Qh4 cxd4 26. Qxd4 Re5 27. e4 Qc5 28. Qxc5 bxc5 29. exd5 Rxe2 30. Bxe2 Bxc2 31. Rc1 Bb3 32. Bb5 Rd8 33. Bc6 Kf8 34. Nb5 Bxd5 35. Nxa7 Bxc6 36. Nxc6 Rd2 37. b4 cxb4 38. axb4 Nd5 39. Rc4 f6 40. b5 Ne3 41. Rd4 Rxg2+ 42. Kh1 Rb2 43. Rd3 Nc4 44. Rd8+ Kf7 45. Rb8 Nd6 46. b6 Ne4 47. b7 Ng3+ 48. Kg1 Ne2+ 49. Kf1 Ng3+ 50. Ke1 Ne4 51. Nd8+ Kg6 52.
Rc8 Rb1+ 53. Ke2 Rxb7 54. Nxb7 Ng5 55. h4 Ne6 56. Kf3 Nd4+ 57. Kg3 Nf5+ 58. Kh3 Kh5 59. Rc5 g6 60. Nd6 Kh6 61. Nxf5+ gxf5 62. Rxf5 Kg6 63. Kg4 h5+ 64. Rxh5 Kf7 65. Rf5 Kg6 66. Rf1 Kg7 67. Kh5 Kh7 68. Rxf6 Kg7 69. Kg5 Kh7 70. Rg6 Kh8 71. Kf6 Kh7 72. Kf7 Kh8 73.
Rh6# 1-0

[Event "*** SCC Grand Prix: Titled Tuesday Blitz"]
[Site "Chess.com"]
[Date "2020.08.11"]
[Round "5"]
[White "JonasHilwerda"]
[Black "Alindsay211"]
[Result "1-0"]
[WhiteElo "2214"]
[BlackElo "2330"]
[TimeControl "180+1"]
[EndTime "10:56:17 PDT"]
[Termination "JonasHilwerda won on time"]

1. d4 Nf6 2. Bf4 e6 3. Nd2 d5 4. e3 c5 5. c3 Nc6 6. Ngf3 Qb6 7. Qb3 c4 8. Qc2 Be7 9. e4 h6 10. e5 Nd7 11. Be2 Qc7 12. h4 a6 13. h5 b5 14.
Rh3 b4 15. g4 bxc3 16. bxc3 Rb8 17. g5 hxg5 18. Bxg5 Bf8 19. Nh4 Ndxe5 20. dxe5 Qxe5 21. Nhf3 Qd6 22. Bh4 e5 23. Rd1 Bxh3 24. Nxc4 Qe6 25.
Ng5 Qf5 26. Qa4 Qd7 27. Nxh3 f6 28. Ne3 d4 29. Bf3 Rc8 30. cxd4 Nxd4 31. Qxd7+ Kxd7 32. Bg4+ Kc7 33. Rc1+ Kb7 34. Bxc8+ Kb6 35. Nd5+ Ka7 36. Bg4 f5 37. Be2 g6 38. Bf6 Bb4+ 39. Nxb4 Rf8 40. Bxe5 Ne6 41. Nc6+ Kb6 42. Nd4 Nc5 43. Bd6 Re8 44.
Bxc5+ Kb7 45. hxg6 Kb8 46. Kd2 f4 47. Bd6+ Ka8 48. Bf3+ Ka7 49. Rb1 a5 50. Nc6+ Ka6 51. Be2+ 1-0

[Event "*** SCC Grand Prix: Titled Tuesday Blitz"]
[Site "Chess.com"]
[Date "2020.08.11"]
[Round "5"]
[White "ChessWarrior7197"]
[Black "IMTominho"]
[Result "1/2-1/2"]
[WhiteElo "2908"]
[BlackElo "2778"]
[TimeControl "180+1"]
[EndTime "10:56:18 PDT"]
[Termination "Game drawn by repetition"]

1. e4 e5 2. Nf3 Nf6 3. Nxe5 d6 4. Nf3 Nxe4 5. d4 d5 6. Bd3 Nc6 7. O-O Be7 8. Nbd2 Bf5 9. Re1 Nxd2 10. Qxd2 Bxd3 11.
Qxd3 O-O 12. c3 Qd7 13. Bf4 a6 14. Re2 Rae8 15. Rae1 Bd8 16. Nd2 Rxe2 17. Qxe2 Qf5 18. Bg3 Qc2 19. Nb3 Qxe2 20. Rxe2 b6 21. a4 a5 22. Nd2 f6 23. Nf1 Kf7 24. Ne3 Ne7 25. Rc2 Ke6 26. Kf1 Rf7 27. Ke2 Nf5 28. Nxf5 Kxf5 29.
Kd3 Ke6 30. c4 dxc4+ 31. Kxc4 Kd7 32. d5 Re7 33. f3 Re3 34. h3 h5 35. h4 g5 36.
hxg5 fxg5 37. Bf2 Re8 38. Bd4 Re1 39. Bc3 Rg1 40. Re2 Be7 41. Bd4 Rc1+ 42. Bc3 Rg1 43. Kd3 Bd6 44. Ke4 g4 45. fxg4 hxg4 46. Kf5 g3 47.
Ke4 Rf1 48. Kd3 Rf4 49. b3 Rf5 50. Kc4 Rf4+ 51. Kd3 Rf5 52. Ke4 Rf4+ 53. Ke3 Rf5 54. Kd4 Rf4+ 55. Kd3 1/2-1/2

[Event "*** SCC Grand Prix: Titled Tuesday Blitz"]
[Site "Chess.com"]
[Date "2020.08.11"]
[Round "5"]
[White "GM_Levan_Pantsulaia"]
[Black "Heineccius"]
[Result "1-0"]
[WhiteElo "2802"]
[BlackElo "2603"]
[TimeControl "180+1"]
[EndTime "10:56:18 PDT"]
[Termination "GM_Levan_Pantsulaia won on time"]

1. Nf3 Nf6 2. g3 e6 3. Bg2 d5 4.
O-O Be7 5. c4 O-O 6. Qc2 Nc6 7.
d3 d4 8. Bf4 Nd7 9. Qd1 e5 10.
Bd2 a5 11. Na3 Nc5 12. Nb5 Bf5 13. Ne1 e4 14. Bf4 Rc8 15. b3 g5 16. Bc1 Bf6 17. a3 Re8 18. Bb2 a4 19. bxa4 Qd7 20.
Rb1 Bh3 21. Bc1 Bxg2 22. Kxg2 Ra8 23. Bd2 Nxa4 24. dxe4 Rxe4 25. Nd3 Qe7 26. Re1 Nc3 27. Bxc3 dxc3 28. Qb3 Rxe2 29. Nxc3 Rxe1 30. Rxe1 Qxa3 31.
Qxa3 Rxa3 32. Nd5 Kg7 33. Nc5 b6 34. Ne4 Bd8 35. g4 Ne5 36. Ng3 Nxg4 37. Re8 Bf6 38. h3 Nh6 39. Nh5+ Kg6 40. Nhxf6 Ra4 41. Ng4 Nf5 42.
Rg8+ Kh5 43. Ndf6+ Kh4 44. Rh8 h6 45. Nxh6 1-0

[Event "*** SCC Grand Prix: Titled Tuesday Blitz"]
[Site "Chess.com"]
[Date "2020.08.11"]
[Round "5"]
[White "Andrii_Prydun"]
[Black "Ind1anStar"]
[Result "0-1"]
[WhiteElo "2350"]
[BlackElo "2516"]
[TimeControl "180+1"]
[EndTime "10:56:18 PDT"]
[Termination "Ind1anStar won on time"]

1. d4 d5 2. Nc3 Nf6 3. Bf4 e6 4. a3 Bd6 5. Bxd6 Qxd6 6. Qd3 a6 7. e4 dxe4 8. Nxe4 Nxe4 9. Qxe4 Nd7 10. Nf3 Nf6 11. Qe5 Bd7 12. O-O-O Bc6 13. Be2 O-O-O 14. Rhf1 h6 15. h3 Qe7 16. Qg3 g5 17. Ne5 Be4 18.
Bf3 Rd6 19. Bxe4 Nxe4 20. Qf3 Nf6 21. Rd3 Rf8 22. Rfd1 Nd5 23. g3 Qe8 24. c4 Ne7 25.
Rb3 Nc6 26. Qe4 Na5 27. Rc3 f6 28. Nd3 f5 29. Qe5 Nc6 30. Qe3 Rxd4 31. Re1 Rf6 32. Ne5 Re4 33. Qd2 Nxe5 34. Rxe4 fxe4 35. Qd4 Nd7 36. Qa7 Nb8 37. Qc5 Rf3 38. Rc2 Qf7 39. Re2 Qf8 40. Qd4 Nc6 41. Qxe4 Rxf2 42. Qxe6+ Kb8 43.
Qe8+ Qxe8 44. Rxe8+ Ka7 45. Re6 Rg2 46. Rxh6 Rxg3 47.
Rh7 Nd4 48. Rxc7 Rxh3 49. Rg7 Rg3 50. Kd2 Nb3+ 51. Ke2 Nc5 52. Kf2 Rb3 0-1

[Event "*** SCC Grand Prix: Titled Tuesday Blitz"]
[Site "Chess.com"]
[Date "2020.08.11"]
[Round "5"]
[White "mishikomchedlishvili"]
[Black "amintabatabaei"]
[Result "0-1"]
[WhiteElo "2812"]
[BlackElo "3031"]
[TimeControl "180+1"]
[EndTime "10:56:19 PDT"]
[Termination "amintabatabaei won by resignation"]

1. d4 Nf6 2. Bg5 d5 3. e3 e6 4. c4 h6 5. Bxf6 Qxf6 6. Nc3 c6 7.
Nf3 Nd7 8. Bd3 Bd6 9. O-O O-O 10. e4 dxc4 11. e5 Qd8 12. Bxc4 Be7 13. Qe2 b6 14. Qe4 Bb7 15. Bd3 g6 16. Qg4 Kg7 17. Be4 Qb8 18. Rad1 b5 19. h4 a6 20. h5 g5 21. Bb1 c5 22. d5 Nxe5 23. Nxe5 Qxe5 24. Rfe1 Qf4 25. Qxf4 gxf4 26. dxe6 Rad8 27. exf7 Rxd1 28. Rxd1 Rd8 29. Rxd8 Bxd8 30. Bg6 Bf6 31. Kf1 Bxc3 32. bxc3 Bd5 33. a3 Bxf7 34. Be4 Bxh5 35. Ke1 Bg6 36. Bb7 a5 37.
Kd2 Kf6 38. Bc6 b4 39. axb4 axb4 40. cxb4 cxb4 41. Kc1 Ke5 42. Kb2 Bf7 43. g3 Bc4 44. Bf3 Bf7 45. Kc2 Kd4 46. Bg4 fxg3 47. fxg3 Ke3 48. Bd7 h5 49. g4 h4 50. g5 Kf4 51. g6 Bxg6+ 52. Kb3 Bf5 53. Bc6 h3 0-1

[Event "*** SCC Grand Prix: Titled Tuesday Blitz"]
[Site "Chess.com"]
[Date "2020.08.11"]
[Round "5"]
[White "diablanni"]
[Black "vrekhson"]
[Result "1/2-1/2"]
[WhiteElo "2328"]
[BlackElo "2160"]
[TimeControl "180+1"]
[EndTime "10:56:19 PDT"]
[Termination "Game drawn - insufficient material"]

1. e4 c5 2. Nf3 a6 3. c4 Nc6 4. d4 cxd4 5. Nxd4 Nf6 6. Nc3 e5 7. Nf5 d5 8. cxd5 Bxf5 9. exf5 Nd4 10. Bc4 b5 11. Bb3 Bb4 12. O-O O-O 13. Bg5 Nxb3 14. axb3 Bxc3 15. bxc3 Qxd5 16. Bxf6 Qxd1 17. Rfxd1 gxf6 18. Rd6 Rfc8 19. Rc1 Kg7 20. g4 a5 21. Rb6 Rc5 22. h4 a4 23. bxa4 bxa4 24. Kg2 a3 25. g5 a2 26. gxf6+ Kh6 27. Ra1 Rxc3 28. Rb2 Rca3 29. f3 Kh5 30. Re2 Kxh4 31. Rxe5 Rb3 32. Re2 Rba3 33. Re7 Kg5 34. Kg3 Kxf6 35. Re2 Kxf5 36.
Rh2 Rg8+ 37. Kf2 Rb8 38. Kg3 Rbb3 39. Raxa2 Rxf3+ 40. Kh4 Rf4+ 41. Kh5 Rfa4 42. Rae2 Rf4 43. Kh6 f6 44. Kxh7 Ra7+ 45. Kh6 Ra8 46. Kg7 Ra7+ 47. Kh6 Ra3 48. Kg7 Rg3+ 49. Kf7 Ra4 50. Rhf2+ Kg5 51. Rxf6 Ra7+ 52. Re7 Rxe7+ 53. Kxe7 Re3+ 54. Re6 Rxe6+ 55. Kxe6 1/2-1/2

[Event "*** SCC Grand Prix: Titled Tuesday Blitz"]
[Site "Chess.com"]
[Date "2020.08.11"]
[Round "5"]
[White "anon569"]
[Black "CrushingKings"]
[Result "0-1"]
[WhiteElo "2348"]
[BlackElo "2515"]
[TimeControl "180+1"]
[EndTime "10:56:20 PDT"]
[Termination "CrushingKings won by resignation"]

1. e4 c5 2. Nf3 e6 3. d4 cxd4 4. Nxd4 Nc6 5. Nc3 Qc7 6. Be2 a6 7. f4 b5 8. Nxc6 Qxc6 9. Bf3 Bb7 10. Be3 Qc7 11. Qd4 Ne7 12. O-O Nc6 13. Qd2 Bb4 14. a3 Be7 15. Qf2 O-O 16. Rad1 d6 17. Ne2 Bf6 18. Nd4 Nxd4 19. Bxd4 Bxd4 20. Rxd4 e5 21. Rd2 exf4 22. Qh4 Qc5+ 23. Kh1 Qe5 24. Re2 Rfe8 25. Rg1 Re6 26. Qf2 Rh6 27. c3 Re8 28. Rd1 Rhe6 29.
Kg1 R6e7 30. Rd4 g6 31. Red2 Re6 32. Bg4 Rf6 33. Bf3 h5 34. Kf1 Rfe6 35. h3 Kg7 36. Kg1 R8e7 37. Rd1 Qc5 38. R1d2 Qe5 39. Qe2 Qg5 40.
Qf2 Bxe4 41. Bxe4 Rxe4 42. Rxd6 Re1+ 43. Kh2 f3 44. Qxf3 Qe5+ 45. Qg3 Rh1+ 46. Kxh1 Qxg3 47. Rd1 Re1+ 48. Rxe1 Qxe1+ 49. Kh2 Qe5+ 50. Kh1 Qxd6 0-1

[Event "*** SCC Grand Prix: Titled Tuesday Blitz"]
[Site "Chess.com"]
[Date "2020.08.11"]
[Round "5"]
[White "Aguiar94"]
[Black "catzapto"]
[Result "1/2-1/2"]
[WhiteElo "2449"]
[BlackElo "1993"]
[TimeControl "180+1"]
[EndTime "10:56:20 PDT"]
[Termination "Game drawn by repetition"]

1. e4 c5 2. Nf3 e6 3. d4 cxd4 4. Nxd4 Nf6 5. Nc3 Bb4 6. e5 Nd5 7. Qg4 g6 8. Bd2 Nxc3 9. bxc3 Be7 10. h4 Nc6 11. Nf3 Qc7 12. Qf4 d6 13. exd6 Bxd6 14. Qe4 Bd7 15. h5 O-O-O 16. h6 Ne5 17. Nd4 f5 18. Qh4 Nc4 19. Bc1 e5 20. Nb3 f4 21.
Be2 Bf5 22. Bd3 Be7 23. Qh2 Rxd3 24. cxd3 Bxd3 25. Qh3+ Bf5 26. Qf3 Rd8 27. O-O Nd6 28. Re1 Bf6 29. g3 g5 30. g4 e4 31. Qh3 Be6 32.
Nd4 Bd7 33. f3 e3 34. Rd1 Qxc3 35. Rb1 Bxd4 36. Bb2 e2+ 37. Rxd4 e1=Q+ 38. Rxe1 Qxe1+ 39. Qf1 Qg3+ 40. Qg2 Qe1+ 41. Kh2 Qh4+ 42. Kg1 Qe1+ 43. Qf1 Qg3+ 44. Kh1 Qh4+ 45. Kg2 Qg3+ 46. Kh1 Qh4+ 47. Kg1 Bc6 48. Qg2 Qe1+ 49. Kh2 Qh4+ 50. Qh3 Qf2+ 51.
Qg2 Qh4+ 52. Kg1 Qe1+ 53. Qf1 Qg3+ 54. Qg2 Qe1+ 1/2-1/2

[Event "*** SCC Grand Prix: Titled Tuesday Blitz"]
[Site "Chess.com"]
[Date "2020.08.11"]
[Round "5"]
[White "DishonorOnYourCow"]
[Black "MYMChessAcademy"]
[Result "1-0"]
[WhiteElo "2323"]
[BlackElo "2134"]
[TimeControl "180+1"]
[EndTime "10:56:20 PDT"]
[Termination "DishonorOnYourCow won by checkmate"]

1. d4 Nf6 2. c4 g6 3. Nc3 Bg7 4. e4 d6 5. f4 a5 6. Nf3 O-O 7. Bd3 Nc6 8. O-O e5 9. fxe5 dxe5 10. d5 Ne7 11. Bg5 Nd7 12. Qd2 f5 13. Rae1 f4 14. Bc2 h6 15. Bh4 g5 16. Bf2 Ng6 17. c5 g4 18. c6 Nb8 19. Bc5 Rf7 20. d6 cxd6 21. Bxd6 Nxc6 22. Bb3 gxf3 23. Qd5 Qd7 24. Rxf3 Nh4 25. Rh3 f3 26. Qxf7+ Qxf7 27. Bxf7+ Kxf7 28. Rxh4 Bf6 29. Rxh6 Bg5 30. Rh5 Kg6 31. Rh8 Bf6 32.
Rg8+ Kf7 33. Rf8+ Ke6 34. Ba3 Be7 35. Bxe7 Nxe7 36. Rxf3 Ra6 37. Nd5 Nxd5 38. exd5+ Kxd5 39. Rd1+ Kc4 40. Rc3+ Kb4 41. Rxc8 Rf6 42. Rc3 a4 43.
a3+ Ka5 44. Rd5+ Kb6 45. Rxe5 Rd6 46. Rce3 Rd1+ 47. Kf2 Rd2+ 48. Re2 Rd8 49. Re6+ Ka7 50. Re8 Rd7 51. R2e4 Rd6 52. Rxa4+ Kb6 53. Rb4+ Ka5 54. Ree4 Rf6+ 55. Kg3 Rg6+ 56. Rg4 Re6 57. h4 Re3+ 58. Kf4 Re1 59. h5 Rf1+ 60. Kg5 Rd1 61. Rbf4 Rd5+ 62. Rf5 Rxf5+ 63. Kxf5 b5 64. h6 b4 65. axb4+ Kb5 66. h7 Ka4 67. h8=Q Kb3 68. Qg8+ Kxb2 69. Re4 Ka3 70.
b5 Kb2 71. Qg3 Ka2 72. Re2+ Ka1 73. Qe1# 1-0

[Event "*** SCC Grand Prix: Titled Tuesday Blitz"]
[Site "Chess.com"]
[Date "2020.08.11"]
[Round "5"]
[White "LubovMarkelova"]
[Black "WonderChampion"]
[Result "1/2-1/2"]
[WhiteElo "2274"]
[BlackElo "1988"]
[TimeControl "180+1"]
[EndTime "10:56:20 PDT"]
[Termination "Game drawn by repetition"]

1. d4 d5 2. Nf3 e6 3. g3 c5 4. Bg2 Nc6 5. c3 Be7 6. O-O Nf6 7. Ne5 O-O 8. Bf4 Nxe5 9. dxe5 Nd7 10. c4 Nb6 11. cxd5 exd5 12. Nc3 Be6 13. Nb5 a6 14. Nd6 Qc7 15. e4 d4 16. Nf5 Nc4 17. b3 Nb6 18.
Rc1 Qd7 19. Nxe7+ Qxe7 20. h4 Rac8 21. Bg5 Qd7 22. Bd2 Bh3 23. f4 Bg4 24. Bf3 Bxf3 25. Qxf3 c4 26. bxc4 Nxc4 27. Bb4 Rfe8 28. Rfd1 Ne3 29.
Qxe3 dxe3 30. Rxd7 Rxc1+ 31. Kg2 e2 32. Kf2 Rc2 33.
Bd2 Rec8 34. Kxe2 Rxa2 35. f5 h6 36. g4 Rcc2 37. g5 b5 38. gxh6 gxh6 39. f6 b4 40. Kd1 Rcb2 41. Kc1 Rc2+ 42. Kd1 Rxd2+ 43. Rxd2 Rxd2+ 44. Kxd2 a5 45. Kc2 a4 46. Kb2 b3 47. e6 fxe6 48. e5 Kf7 49. h5 Ke8 50. Ka3 Kf8 51. Kb2 Kf7 52. Ka3 Kf8 53. Kb2 Kf7 54.
Ka3 Kf8 1/2-1/2